[Event "1st Sales Oliveira Masters 2022"]
[Site "Sales Oliveira"]
[Date "2022.06.09"]
[Round "3.3"]
[White "Rodi, Luis Ernesto"]
[Black "Delgado Ramirez, Neuris"]
[Result "0-1"]
[ECO "B23"]
[WhiteElo "2351"]
[BlackElo "2603"]
[Annotator "TA"]
[PlyCount "86"]
[EventDate "2022.05.30"]
[EventType "swiss"]
[EventCountry "BRA"]
[SourceTitle "playchess.com"]
[Source "ChessBase"]
[SourceQuality "1"]
[TimeControl "40/5400+30:1800+30"]

1. e4 c5 2. Nc3 Nc6 3. Bb5 Nd4 4. Nf3 a6 5. Bd3 g6 6. O-O {[%emt 0:00:13] B23: Closed Sicilian: Lines without g3.} Bg7 7. Re1 Nf6 $5 {[%emt 0:00:18][%mdl 4] An interesting side line.} 8. e5 {[%emt 0:02:05] The position is equal.} Nh5 9. b4 {[%emt 0:04:17] [#]} d6 $146 (9... Nxf3+ $1 $15 10. Qxf3 cxb4) ({Predecessor:} 9... Nxf3+ 10. Qxf3 cxb4 11. Nd5 e6 12. Nf4 Nxf4 13. Qxf4 d6 14. Qxb4 Bxe5 15. Rb1 O-O {0-1 (74) Kadric,D (2564)-Yu,Y (2705) Krasnaya Polyana 2021}) 10. exd6 $11 Qxd6 11. bxc5 Qxc5 12. Ne4 (12. a4 $14 Be6 13. Ba3) 12... Qc7 {[%emt 0:04:01] [#] aiming for ...Nxf3+.} 13. c3 Nc6 14. Bf1 O-O 15. d4 Rd8 16. Qb3 Be6 17. Qb1 Bd5 18. Bb2 Na5 {[%emt 0:00:21] Against c4} 19. Ned2 Nf4 20. g3 Bxf3 21. Nxf3 Nd5 22. Qd3 Rac8 23. Rac1 Nc4 {[%emt 0:00:00] Pair of Knights!} 24. Ba1 b5 25. Nd2 (25. h4 $15) 25... Bh6 $17 {0x0.00176181a8eadp-1022s more active pieces.} 26. f4 e5 27. Nxc4 bxc4 28. Qf3 exf4 29. Re5 $2 {[%emt 0:00:00] [#] Loses the game.} (29. Rc2 $17 {is a better defense.}) 29... fxg3 $1 $19 30. Rce1 (30. Rd1 gxh2+) 30... gxh2+ 31. Kh1 Bg7 32. R5e2 ({Of course not} 32. Rxd5 Rxd5 33. Bh3 (33. Qxd5 $2 {loses.} Qg3 $19) 33... Rcd8 $19) 32... Qd6 33. Bb2 Nf4 34. Re4 (34. Rf2 Nh5 35. Bc1) 34... Nh5 35. Rg4 {[%emt 0:00:00] Prevents Ng3+.} Re8 36. Re2 Rxe2 37. Bxe2 Rb8 38. Bxc4 Qc7 39. Bb3 Re8 40. Qf2 {[%emt 0:00:00] Inhibits Re1+.} Bh6 {[%emt 0:00:00] White must now prevent ...Bf4.} 41. Ba3 Be3 42. Qf1 Bf4 {[%emt 0:00:30] ( -> ...Qc6+)} 43. Ba4 {[%emt 0:00:30] Against Qc6+} Qb7+ {[%emt 0:00:30] Weighted Error Value: White=0.56/Black=0.18 (very precise)} 0-1

[Event "1st Sales Oliveira Masters 2022"]
[Site "Sales Oliveira"]
[Date "2022.06.09"]
[Round "3.4"]
[White "Diamant, Andre"]
[Black "Labussiere, Victor"]
[Result "1/2-1/2"]
[ECO "D31"]
[WhiteElo "2539"]
[BlackElo "2349"]
[Annotator "TA"]
[PlyCount "142"]
[EventDate "2022.05.30"]
[EventType "swiss"]
[EventCountry "BRA"]
[SourceTitle "playchess.com"]
[Source "ChessBase"]
[SourceQuality "1"]
[TimeControl "40/5400+30:1800+30"]

1. d4 d5 2. c4 e6 3. Nc3 a6 4. cxd5 exd5 5. Bf4 Nf6 6. e3 {[%emt 0:00:08] D31: Queen's Gambit Declined: Semi-Slav without ...Nf6 (+ Marshall Gambit and Noteboom) and Exchange Variation lines without ...Nf6.} c5 7. Nge2 Nc6 8. g3 {[%emt 0:05:33] White has an edge.} cxd4 9. Nxd4 {[%emt 0:03:23] [#]} Qb6 $146 ({Predecessor:} 9... Bg4 10. Qd3 Nxd4 11. Qxd4 Bf3 12. Rg1 Rc8 13. Be2 Bxe2 14. Kxe2 Be7 15. Rad1 O-O {1-0 (50) Kantor,G (2533)-Kozusek,D (2323) Riga 2021}) 10. Qb3 Bb4 11. Bg2 Nxd4 12. exd4 Bxc3+ 13. bxc3 Qe6+ 14. Be5 {[%emt 0:01:40] This bishop pair is nice.} Ne4 ({Better is} 14... O-O $14) 15. f3 (15. Bxe4 $16 dxe4 16. Bxg7) 15... Nc5 $1 $14 16. Qa3 (16. Qc2 $14 f6 17. O-O-O fxe5 18. dxc5) 16... Nd3+ $11 17. Kd2 Nxe5 18. dxe5 Bd7 (18... Qb6 {is more complex.} 19. Rae1 Bd7 20. Qb4 Bb5) 19. f4 Bc6 20. Rab1 Rd8 21. Qc5 h5 22. Rhf1 h4 23. f5 Qh6+ 24. Rf4 hxg3 25. hxg3 {[%emt 0:00:18] Threatens to win with Rh1.} Qg5 $1 26. f6 (26. Qf2 $11) 26... Rd7 $2 ({Black should play} 26... gxf6 $17 27. exf6 Kd7) 27. fxg7 $40 {[%emt 0:10:41][%mdl 128] White mounts an attack.} Qxg7 28. Rbf1 Qg5 29. R1f2 Kd8 30. Qe3 Rg8 (30... Re7 $11) 31. Bh3 $16 Re7 32. Qb6+ $1 Ke8 33. Qa7 {[%emt 0:00:30][%cal Ra7b8] White is much more active.} Rxe5 34. Qb8+ Ke7 35. Qc7+ Ke8 36. Kc2 {[%emt 0:00:31] White wants to mate with Qb8+. The board is on fire.} Re1 {[%emt 0:01:10] [#]} 37. Qxf7+ (37. Bc8 $1 $16) 37... Kd8 $11 38. Kb2 Qg6 39. Qxg6 Rxg6 40. R4f3 Rg1 41. g4 Kc7 42. Rf7+ Kd6 43. R7f6+ (43. Rd2 $11 {remains equal.}) 43... Rxf6 $17 44. Rxf6+ {[%emt 0:00:05][%mdl 4096] Endgame KRB-KRB} Ke5 45. Rf5+ Ke4 46. Rf1 Rg3 47. Rh1 Kf4 48. Rh2 $2 {[%emt 0:00:41][%mdl 8192] [#]} (48. Rf1+ $17 {was the crucial defense.} Ke3 49. Re1+ Kf4 50. Rf1+ Ke4 51. Re1+ Kf3 52. Rf1+ Ke4) 48... Bb5 $2 (48... Rf3 $1 $19 {White must now prevent ...Kg3.} 49. g5 Kg3 50. Rg2+ (50. Rh1 $2 d4 $19) 50... Kxh3) 49. Bg2 Bc4 ({Don't play} 49... Kxg4 50. Bxd5 Kf4 51. Bxb7 $16) 50. g5 Rxg5 {[%emt 0:00:29] ...Kg3 is the strong threat.} 51. Bf1 $1 {[%emt 0:00:29][%mdl 64] Decoy} Bxf1 $15 {[%emt 0:00:32] KRB-KR} 52. Rf2+ Ke3 53. Rxf1 $11 {[%emt 0:00:03] KR-KR. The position is equal.} Rg6 54. Kc2 Rb6 55. Re1+ Kf4 56. Re7 Kf5 57. Kd3 Kf6 58. Rh7 {[%emt 0:00:27] Intending Rh6+ and mate.} Rb2 59. Kd4 Ke6 60. a4 Kd6 61. Rh6+ Kc7 62. Kxd5 Ra2 63. Kc5 $1 b6+ 64. Rxb6 Rxa4 {[%emt 0:00:13] ( -> ...Ra5+)} 65. Rh6 Ra5+ 66. Kd4 Kb7 67. c4 Rg5 68. c5 Kc7 69. Rxa6 Rg4+ 70. Kd5 Rg5+ 71. Kc4 Rg1 {[%emt 0:00:06] Quite a comeback for White.  Weighted Error Value: White=0.30/Black=0.26 (precise)} 1/2-1/2

[Event "1st Sales Oliveira Masters 2022"]
[Site "Sales Oliveira"]
[Date "2022.06.09"]
[Round "3.5"]
[White "Supi, Luis Paulo"]
[Black "Coro, Lucas"]
[Result "1-0"]
[ECO "B31"]
[WhiteElo "2590"]
[BlackElo "2398"]
[Annotator "TA"]
[PlyCount "73"]
[EventDate "2022.05.30"]
[EventType "swiss"]
[EventCountry "BRA"]
[SourceTitle "playchess.com"]
[Source "ChessBase"]
[SourceQuality "1"]
[TimeControl "40/5400+30:1800+30"]

1. e4 c5 2. Nf3 Nc6 3. Bb5 g6 4. Bxc6 bxc6 5. O-O Bg7 6. Re1 d6 7. e5 {[%emt 0:05:32] B31: Sicilian: 2...Nc6 3 Bb5 g6.} dxe5 8. Nxe5 Qc7 9. Nc4 {[%emt 0:07:19] White is slightly better.} Nf6 {[%emt 0:02:52] [#] aiming for ...Ng4.} 10. Qf3 $146 ({Predecessor:} 10. d3 O-O 11. Bd2 Ba6 12. Bc3 Bxc4 13. dxc4 Rfe8 14. Qf3 e5 15. Nd2 Nd7 16. Re2 {0-1 (63) Bogachev,S (2327)-Kudrjavich,D St Petersburg 2008}) 10... O-O 11. d3 Nd5 {[%emt 0:03:08] Against Bf4} 12. Bd2 e5 13. Nc3 Be6 14. Ne4 Qe7 15. Qg3 f6 (15... Nb4 $11 16. Bxb4 (16. Nxe5 Nxc2 17. Bc3 Rac8 $17) 16... cxb4) 16. a3 $16 Kh8 17. f3 Nb6 18. b3 Bg8 19. Qf2 Nd7 20. Be3 {[%emt 0:09:37][%cal Bd2e3,Be3d4,Bd4c3,Bc3e5][%mdl 32] 0x0.001b680a0fd2dp-1022s more active pieces.} f5 21. Nxc5 {[%emt 0:03:49][%cal Oe3d4] Pair of Knights!} (21. Bg5 {keeps more tension.} Qf7 22. Nxc5 Nxc5 23. Qxc5 e4 24. fxe4 fxe4 25. Nd6) 21... Nb6 {[%emt 0:03:42] [#]} (21... e4 $16) 22. Bd4 $1 Nxc4 (22... Bxc4 23. bxc4) 23. bxc4 {[%emt 0:01:08][%cal Od4e5] Threatens to win with Bxe5!} Qd6 (23... Qc7 $142) 24. Bc3 $18 g5 25. Rab1 Rab8 26. Rxb8 Rxb8 27. Nb3 Rb7 (27... Qe7 $142 28. Qc5 Qxc5+ 29. Nxc5 Re8) 28. Qe3 Qxa3 29. Bxe5 Qb4 30. Ra1 f4 31. Qd4 a5 (31... Qe7 $142 32. Bxg7+ Qxg7 33. Qxg7+ Kxg7) 32. Nxa5 c5 33. Qe4 Ra7 34. Bxg7+ Kxg7 35. Qe5+ Kg6 36. Nb3 Rxa1+ 37. Qxa1 {[%emt 0:00:00] Weighted Error Value: White=0.10 (very precise) /Black=0.32} ({Weaker is} 37. Nxa1 Qb1+ 38. Kf2 h5 $18) 1-0

[Event "1st Sales Oliveira Masters 2022"]
[Site "Sales Oliveira"]
[Date "2022.06.09"]
[Round "4.1"]
[White "Fier, Alexandr"]
[Black "Coro, Lucas"]
[Result "1-0"]
[ECO "B45"]
[WhiteElo "2567"]
[BlackElo "2398"]
[Annotator "TA"]
[PlyCount "67"]
[EventDate "2022.05.30"]
[EventType "swiss"]
[EventCountry "BRA"]
[SourceTitle "playchess.com"]
[Source "ChessBase"]
[SourceQuality "1"]
[TimeControl "40/5400+30:1800+30"]

1. e4 c5 2. Nf3 e6 3. d4 cxd4 4. Nxd4 Nf6 5. Nc3 Nc6 6. Nxc6 bxc6 7. e5 Nd5 8. Ne4 c5 {[%emt 0:00:44] B45: Sicilian Four Knights.} 9. Be2 Bb7 10. O-O Qc7 {[%emt 0:00:22] White has an edge.} 11. Nd6+ Bxd6 12. exd6 Qc6 (12... Qxd6 $2 13. c4 $18) 13. f3 c4 (13... Qxd6 $2 14. c4 $18) 14. Qd4 {[%emt 0:00:22][%csl LRc4,LRg7] Prevents Qc5.} O-O 15. Bxc4 Qxd6 {[%emt 0:00:11] 15...Qxd6 scores better than 15...Rfc8.} 16. Rd1 {[%emt 0:00:03] [#]} Rac8 $146 ({Predecessor:} 16... Rfc8 17. b3 Qb6 18. Qxb6 Nxb6 19. Bd3 d5 20. a4 Nd7 21. a5 a6 22. Bb2 Nc5 {1-0 (86) Vachier Lagrave,M (2774)-Kovalenko,I (2674) Khanty-Mansiysk 2019}) 17. b3 Qb6 18. Qxb6 Nxb6 19. Bd3 d5 20. Bb2 Nd7 21. Rac1 Rfd8 22. c4 Ba6 {[%emt 0:10:41] [#]} (22... dxc4 $14 23. Rxc4 (23. Bxc4 Nb6 $14) 23... Nb6 24. Rxc8 Rxc8) 23. cxd5 $1 $16 {[%emt 0:04:01] White is more active.} Rxc1 24. Bxc1 Bxd3 25. Rxd3 {[%emt 0:00:30][%mdl 4096] Endgame And now dxe6 would win. KRB-KRN} Nc5 (25... Ne5 $14 26. Rc3 exd5) 26. Rc3 $18 Nd7 (26... Rxd5 $2 27. Ba3 $18) 27. Rd3 $2 {[%emt 0:00:00] [#]} (27. d6 $18) 27... Nc5 $1 $14 28. Rc3 ({Better is} 28. Rd2 $14) 28... Nb7 $2 (28... Rxd5 $2 29. Ba3 $18) (28... Nd7 $1 $11) 29. Rc7 $18 {[%emt 0:01:21] White has a decisive advantage.} Nd6 30. dxe6 fxe6 31. Bg5 ({Resist} 31. Rxa7 $6 Nb5 32. Rb7 Rd1+ 33. Kf2 Rxc1 $16) 31... Ra8 32. Rc6 Nf7 33. Be3 e5 34. Ra6 {[%emt 0:00:07] Weighted Error Value: White=0.16 (very precise) /Black=0.36} 1-0

[Event "1st Sales Oliveira Masters 2022"]
[Site "Sales Oliveira"]
[Date "2022.06.10"]
[Round "4.2"]
[White "Labussiere, Victor"]
[Black "Supi, Luis Paulo"]
[Result "0-1"]
[ECO "D36"]
[WhiteElo "2349"]
[BlackElo "2590"]
[Annotator "TA"]
[PlyCount "110"]
[EventDate "2022.05.30"]
[EventType "swiss"]
[EventCountry "BRA"]
[SourceTitle "playchess.com"]
[Source "ChessBase"]
[SourceQuality "1"]
[TimeControl "40/5400+30:1800+30"]

1. d4 Nf6 2. c4 e6 3. Nc3 d5 4. cxd5 exd5 5. Bg5 c6 6. Qc2 Be6 {[%emt 0:02:01] 6...h6 is the modern continuation.} 7. e3 {[%emt 0:00:34] D36: Queen's Gambit Declined: Exchange Variation: Main line (5 Bg5 c6 6 Qc2).} Nbd7 8. Bd3 h6 9. Bh4 {[%emt 0:00:42] The position is equal.} g5 10. Bg3 Nh5 11. Nge2 Nxg3 12. hxg3 {[%emt 0:05:02] [#]} Nb6 $146 ({Predecessor:} 12... Bd6 13. O-O-O Qf6 14. f3 Nb6 15. g4 O-O-O 16. Kb1 Kb8 17. Rde1 Rde8 18. Nc1 Bd7 {½-½ (73) Sethuraman,S (2638)-Tica,S (2398) Chess.com INT 2020}) 13. O-O-O Qe7 14. Kb1 Bg7 15. Na4 Nxa4 16. Qxa4 O-O 17. Rc1 Rfc8 18. Rhe1 Qf6 {[%emt 0:02:51] Hoping for ...Bf5.} 19. f3 c5 20. Ka1 $1 a6 21. Bb1 b5 22. Qc2 cxd4 23. Qh7+ Kf8 24. exd4 ({White should play} 24. Nxd4 $11 Rxc1 25. Rxc1) 24... a5 $15 25. Qd3 Rc4 (25... b4 {seems wilder.} 26. Qb5 Rcb8 27. Qc6 a4) 26. Qd2 b4 27. g4 Rb8 28. Bd3 a4 29. Bxc4 dxc4 30. a3 bxa3 31. bxa3 Kg8 (31... Qe7 $5 32. Rc3 Kg8 $15) 32. Rb1 Re8 33. Qc3 Qd8 34. Rb2 Qd6 35. Qb4 Qh2 36. Qxa4 Rf8 37. Qb4 Qxg2 38. Qc3 (38. Nf4 $5 Qxf3 39. Nxe6 fxe6 40. Qxc4 $14) 38... Bd5 {[%emt 0:02:58][%mdl 1024] Black has compensation.} 39. Ng1 (39. f4 $1 $15) 39... Qg3 $19 40. Rd1 Re8 41. a4 Qf4 {[%emt 0:30:45] Black is more active.} 42. Re2 {[%emt 0:00:56] Inhibits Re3.} Rb8 43. Rb2 Re8 (43... Ra8 $15 44. a5 Re8) 44. Re2 $1 $17 Rb8 ({Black should try} 44... Rd8 $17 {And now ...Bc6 would win.} 45. a5 f5 46. gxf5 h5) 45. Rb2 $1 $15 Re8 {[%emt 0:01:07] Strongly threatening ...Re3.} 46. Re2 {[%emt 0:00:07] Against Re3} Rd8 {[%emt 0:00:32] aiming for ...Bc6.} 47. a5 Bc6 {[%emt 0:00:46] A strong pair of Bishops.} (47... f5 $17 48. gxf5 Qxf5) 48. Red2 Ba4 49. Ne2 Qd6 50. Rb1 (50. Qxc4 $2 Bxd1 51. Rxd1 Qa3+ 52. Qa2 Qxf3 $19) 50... Bb3 51. Rxb3 (51. Rbb2 $1 $15) 51... cxb3 $17 52. Qxb3 Rb8 $40 {[%emt 0:00:02][%mdl 128] Prevents Qb6. Black wants a kill.} 53. Qc3 ({Don't go for} 53. Qa2 $2 Qh2 54. Rb2 (54. Rd1 $2 Qf2 $19) 54... Bxd4 $1 55. Nxd4 Qg1+ 56. Qb1 Qxd4 $19) 53... Qd7 {[%emt 0:00:55] ( -> ...Qa4+)} 54. Ra2 {[%emt 0:00:19] [#] Against Qa4} (54. Rb2 $17 {was the only chance.} Qa4+ 55. Kb1 Qd1+ 56. Ka2 Qa4+ 57. Kb1 Qd1+ 58. Ka2) 54... Qb5 $2 (54... Qd5 $1 $19 {[%cal Oh6h5] White should prevent ...h5!} 55. Ra4 Qb7) 55. Qc2 $2 {[%emt 0:01:09][%mdl 8192] [#]} (55. Rb2 $11 Qa4+ 56. Kb1 Rxb2+ 57. Qxb2) 55... Bxd4+ $1 {[%emt 0:00:39][%mdl 512] Weighted Error Value: White=0.23 (precise) /Black=0.17 (very precise)} 0-1

[Event "1st Sales Oliveira Masters 2022"]
[Site "Sales Oliveira"]
[Date "2022.06.09"]
[Round "4.3"]
[White "Delgado Ramirez, Neuris"]
[Black "Diamant, Andre"]
[Result "1-0"]
[ECO "B47"]
[WhiteElo "2603"]
[BlackElo "2539"]
[Annotator "TA"]
[PlyCount "89"]
[EventDate "2022.05.30"]
[EventType "swiss"]
[EventCountry "BRA"]
[SourceTitle "playchess.com"]
[Source "ChessBase"]
[SourceQuality "1"]
[TimeControl "40/5400+30:1800+30"]

1. e4 c5 2. Nf3 e6 3. d4 cxd4 4. Nxd4 Nc6 5. Nc3 Qc7 6. g3 d6 7. Bg2 (7. Ndb5 $5 Qb8 8. a4 $14) 7... Bd7 {[%emt 0:00:33] B47: Sicilian: Taimanov: 5 Nc3 Qc7 6 f4, 6 g3 and 6 Be2.} (7... Nxd4 $11 8. Qxd4 Nf6) 8. O-O ({Better is} 8. Ndb5 $16 Qb8 9. Bf4) 8... Be7 {[%emt 0:00:15] is the legacy move (8...a6).} 9. Nb3 Nf6 {[%emt 0:00:23] White is slightly better.} 10. a4 O-O 11. f4 Rad8 {[%emt 0:00:00] [#]} 12. Be3 $146 ({Predecessor:} 12. g4 d5 13. e5 Ne8 14. Nb5 Qb6+ 15. Kh1 f6 16. exf6 Nxf6 17. g5 Ne4 18. Qe2 a6 19. Bxe4 axb5 20. Bxh7+ {1-0 (20) Al Modiahki,M (2425)-Bagaturov,G (2535) Linares 1998}) 12... Bc8 13. Qe2 d5 (13... e5 $14) 14. e5 $16 {[%emt 0:00:30] [#] Hoping for Nb5.} Nd7 15. Nb5 Qb8 16. c3 $36 {[%emt 0:00:30][%mdl 2048] Black is under pressure. White is much more active. The black rooks are badly placed.} b6 17. N5d4 Bb7 18. a5 Nc5 19. Nxc6 Bxc6 20. Nd4 Bd7 21. Bf2 Bc6 $2 22. Be3 $2 (22. Nxc6 $18 {is the precise move to win.} Qc7 23. Nxd8) 22... Bd7 $1 23. Bf2 (23. axb6 $16 axb6 24. Qc2) 23... Qc7 (23... Bc6 $1 $11 {remains equal.}) 24. Nb5 (24. axb6 $16 axb6 25. c4) 24... Qb8 $11 25. Nd4 {[%emt 0:00:00] Against Nb3} (25. a6 $11) 25... Qc7 $16 26. axb6 axb6 27. Ra2 (27. c4 $16) 27... f6 (27... Qb7 $11) 28. exf6 (28. Rfa1 {is more complex.} fxe5 29. Ra7 Qc8 30. fxe5 Ne4 31. Be3) 28... Bxf6 29. Nf3 Be8 30. Bd4 Bg6 31. Qe3 Be4 32. Ne5 Bxg2 33. Kxg2 Ra8 34. Rfa1 Rxa2 35. Rxa2 Bxe5 36. Qxe5 Qxe5 ({Black should play} 36... Qf7) 37. Bxe5 {[%emt 0:00:07][%mdl 4096] Endgame KRB-KRN} Nd3 38. Bd4 h6 {[%emt 0:00:00] [#]} 39. b4 $1 ({Much less strong is} 39. Bxb6 g5 $16) 39... Rc8 (39... b5 $142 40. Kh3 Rc8) 40. Kf3 $18 {[%emt 0:01:56] Threatens to win with Ke3.} ({Weaker is} 40. Bxb6 Rxc3 41. Ra8+ Kh7 $11) 40... g5 $2 (40... e5) 41. Ke3 {[%emt 0:30:34] White is clearly winning.} Nc1 42. Ra3 gxf4+ 43. gxf4 e5 44. fxe5 Rf8 45. e6 {[%emt 0:00:15] Weighted Error Value: White=0.30/Black=0.32} 1-0

[Event "1st Sales Oliveira Masters 2022"]
[Site "Sales Oliveira"]
[Date "2022.06.09"]
[Round "4.4"]
[White "Gemy, Jose Daniel"]
[Black "Rodi, Luis Ernesto"]
[Result "1/2-1/2"]
[ECO "C54"]
[WhiteElo "2367"]
[BlackElo "2351"]
[Annotator "TA"]
[PlyCount "115"]
[EventDate "2022.05.30"]
[EventType "swiss"]
[EventCountry "BRA"]
[SourceTitle "playchess.com"]
[Source "ChessBase"]
[SourceQuality "1"]
[TimeControl "40/5400+30:1800+30"]

1. e4 e5 2. Nf3 Nc6 3. Bc4 Bc5 4. c3 Nf6 5. d3 d6 6. O-O a6 7. Bb3 {[%emt 0:00:08] The old main line.} Ba7 8. Nbd2 h6 {[%emt 0:00:10] C54: Giuoco Piano: 4 c3 Nf6, main lines with 5 d4 and 5 d3.} 9. Nc4 Ne7 {[%emt 0:01:47] [#]} 10. Be3 $146 ({Predecessor:} 10. a4 b5 11. Ne3 O-O 12. Re1 Ng6 13. h3 c6 14. Nf1 Qc7 15. Ng3 c5 16. axb5 axb5 {½-½ (27) Telepnev,I (2505)-Korabliov,A (2423) ICCF email 2013}) 10... Bxe3 {[%emt 0:00:17] The position is equal.} (10... b5 $5 11. Ncd2 Bxe3 12. fxe3 O-O $11) 11. Nxe3 Ng6 {[%emt 0:00:09] Against Nh4} 12. d4 O-O 13. dxe5 Nxe5 14. Nxe5 dxe5 15. Qf3 Qe7 16. Rad1 Be6 17. Qg3 Rfe8 (17... Bxb3 $2 18. Nf5 (18. axb3 Nxe4 19. Qg4 Nd6 $11) 18... Nh5 19. Nxe7+ $18) 18. Bxe6 (18. Qxe5 Bxb3 19. Qxe7 Rxe7 $11) 18... Qxe6 19. Nf5 $40 {[%emt 0:00:41][%csl Gf5][%cal Rg3g7][%mdl 128] White attacks.} Nh5 20. Qg4 {[%emt 0:00:56] White is much more active.} Qg6 21. Qh4 (21. Qf3 $16) 21... Nf6 {[%emt 0:05:01] Inhibits Rd7.} ({Black should play} 21... Nf4 $11 22. g3 Qg5) 22. Rd3 ({Better is} 22. f3 $14) 22... Qg5 $11 23. Qh3 {[%emt 0:05:33] aiming for Rg3.} Nxe4 (23... Kf8 $11 {and Black stays safe.}) 24. Re3 $1 $18 Nd6 {[%emt 0:13:44] [#]} (24... g6 {was necessary.} 25. Nxh6+ Kg7) 25. Nxg7 $1 Kxg7 (25... Qxg7 26. Rg3) 26. Rg3 Re6 27. Re1 Rae8 28. Rxg5+ hxg5 29. Qg3 f6 30. h4 Nf5 31. Qf3 Nxh4 32. Qxb7 R8e7 33. Rd1 e4 34. Qc8 {[%emt 0:02:02] Strongly threatening Rd7.} e3 35. fxe3 Rxe3 36. Rd7 (36. Qxa6 Re2 $11) 36... Rxd7 (36... Re1+ 37. Kh2 Rxd7 38. Qxd7+ Kh6) 37. Qxd7+ {[%emt 0:00:02][%mdl 4096] Endgame KQ-KRN} Kg6 38. Kf2 {[%emt 0:03:37] Prevents Rg3.} Re4 (38... Re5 $142 39. Qd3+ (39. Qxc7 Rf5+ 40. Kg1 Rd5 $18) 39... Rf5+ 40. Kg1 g4 41. Qxa6 Rd5) 39. Qd3 f5 40. g3 Kh5 41. gxh4 Rxh4 42. Qxf5 $2 (42. Qe2+ $18 Rg4 43. Qxa6) 42... Rf4+ $16 {[%emt 0:00:10] [#]} 43. Qxf4 $3 gxf4 {[%emt 0:00:05] K3P-K3P} 44. b4 (44. Kf3 $6 Kg5 $11) 44... Kg5 (44... Kg4 $2 45. a4 c6 46. c4 $18) 45. a4 {[%emt 0:00:00] a5 would kill now.} (45. Kf3 $6 Kf5 $11) 45... Kf5 $2 (45... Kg4 46. a5 c6 47. c4 Kf5 48. b5 axb5 49. cxb5 cxb5 50. a6) (45... c6 $16) 46. a5 $2 (46. Kf3 Ke5 $11) (46. b5 $1 {mates} a5 47. c4 (47. Kf3 $2 Ke5 $19) 47... Ke6 48. c5 (48. Kf3 $2 Kd6 $19) 48... Ke7 49. c6 Kd6 50. Kf3 Kc5 51. Kxf4) 46... c6 47. c4 {[%emt 0:00:00][%cal Ob4b5,Bc3c4,Bc4b5,Bb5b6][%mdl 32] White wants to mate with b5!} (47. Kf3 Ke6 48. c4 (48. Kxf4 Kd5 $11) 48... Kd6 49. Kxf4 Ke7 $18) 47... Ke5 48. b5 ({Don't do} 48. Kf3 Ke6 49. b5 cxb5 50. cxb5 Kd6 $18) 48... cxb5 49. cxb5 {[%emt 0:00:00] KPP-KPP} Kd6 {[%emt 0:00:06] [#]} (49... axb5 $2 50. a6 Kf5 51. a7 Ke5 52. a8=Q Kd4 53. Kf3 b4 54. Kxf4) 50. b6 ({Weaker is} 50. bxa6 Kc7 $11) 50... Kc6 51. Kf3 Kb7 52. Kxf4 {[%emt 0:00:00] KPP-KP} Kc6 {[%emt 0:00:18] [#]} 53. Ke5 $1 Kb7 54. Kd6 Kb8 55. Kc6 Kc8 56. Kd6 Kb8 $1 57. Kd7 ({But not} 57. Kc6 Kc8 58. Kd5 Kb7) 57... Kb7 58. Kd6 $2 {[%emt 0:00:11] Weighted Error Value: White=0.48/Black=0.35} (58. Ke7 $16) 1/2-1/2

[Event "1st Sales Oliveira Masters 2022"]
[Site "Sales Oliveira"]
[Date "2022.06.10"]
[Round "4.5"]
[White "Born, Carlos Rodrigo"]
[Black "Lima, Darcy"]
[Result "1-0"]
[ECO "B06"]
[WhiteElo "2292"]
[BlackElo "2488"]
[Annotator "TA"]
[PlyCount "125"]
[EventDate "2022.05.30"]
[EventType "swiss"]
[EventCountry "BRA"]
[SourceTitle "playchess.com"]
[Source "ChessBase"]
[SourceQuality "1"]
[TimeControl "40/5400+30:1800+30"]

1. Nf3 g6 2. e4 d6 3. d4 Bg7 4. Nc3 a6 5. a4 b6 6. Bc4 e6 7. Bg5 {[%emt 0:00:54] White is more active. B06: Modern Defence.} Ne7 8. Qd2 h6 9. Bf4 {[%emt 0:01:13][%cal Bg5f4,Bf4g3,Bg3f2,Bf2e3][%mdl 32] White is slightly better.} Nd7 10. Rd1 Bb7 11. O-O g5 12. Bg3 Ng6 {[%emt 0:00:12] [#]} 13. d5 $146 ({Predecessor:} 13. h3 Nf6 14. e5 Nh5 15. exd6 cxd6 16. d5 e5 17. Bd3 Ngf4 18. Bxf4 Nxf4 19. Bf5 {0-1 (40) Estrada Nieto,J (2280)-Gislason,G (2308) Chess.com INT 2020}) 13... e5 14. Ne1 h5 {[%emt 0:08:22] Hoping for ...h4.} 15. f3 $1 Nf4 16. Bf2 h4 17. Be3 Qf6 18. Nd3 Qg6 19. Nf2 (19. Bxf4 exf4 20. h3 Bd4+ 21. Kh1 Be3 $11) 19... Nf6 20. Ng4 N6h5 21. Rfe1 Bc8 22. h3 f5 23. exf5 Bxf5 24. Nf2 (24. Bxf4 $14 gxf4 25. Bd3) 24... Bxc2 $11 25. Rc1 Bf5 26. Bf1 O-O 27. Nce4 Rf7 28. Rc4 (28. a5 $11) 28... c5 $1 $17 29. b4 ({White should play} 29. Rcc1 $15) 29... Rd7 (29... b5 $1 $17 30. Rc2 c4) 30. Rcc1 a5 31. bxa5 bxa5 (31... Rxa5 32. Rb1 $16) 32. Rb1 Nf6 33. Nxf6+ (33. Bxf4 $5 Bxe4 34. Nxe4 Nxe4 35. Rxe4 gxf4 36. Rb5 $11) 33... Bxf6 34. Rb6 Bd8 35. Rc6 Qf7 36. Bxf4 gxf4 37. Ne4 Bxe4 38. Rxe4 Rb8 39. Bb5 Bb6 40. Rc4 Rdd8 41. Kf1 Kh8 42. Re4 Qf6 43. Re1 Rg8 44. Qf2 Rg3 45. Re4 Rg7 46. Rc4 (46. Re1 $11 {remains equal.}) 46... Ba7 {[%emt 0:00:46] And now ...Rbg8 would win.} 47. Qe1 (47. Qb2 $17 {was forced.}) 47... Rbg8 $1 $19 ({Worse is} 47... Qg6 48. Qxh4+ Kg8 49. Qf2 $15) 48. Rc2 e4 $1 49. Qxe4 Re7 50. Qc4 Re3 {[%emt 0:01:44] Prevents Qc3.} ({Less strong is} 50... Qe5 51. Qc3 $14) 51. Rc7 Bb6 52. Rb7 Bd8 53. Rc1 Qg5 54. Qc2 {[%emt 0:01:01][%csl Gc2][%cal Rb7h7] [#]} Rxf3+ $3 55. Kg1 {[%emt 0:00:01][%csl Gb7][%cal Rc2h7] [#]} (55. gxf3 $2 {leads to mate.} Qg1+ 56. Ke2 Rg2+ 57. Kd3 Qd4#) 55... Be7 $2 (55... Rg7 $1 $19 56. Rxg7 Kxg7) 56. Re1 $40 {[%emt 0:00:45][%mdl 128] White is up to no good. Really sharp!} Re3 57. Rxe3 fxe3 58. Qe4 Rg7 59. Rb8+ Rg8 {[%emt 0:00:14] [#]} (59... Bd8 $1 $11) 60. Bd3 $1 $16 Qg7 {[%emt 0:00:07] Against Qh7+} 61. Rb7 e2 $2 (61... Re8 $16) 62. Qxe2 $18 {[%emt 0:00:24] Threatening mate with Qh5+.} Qd4+ 63. Kh1 {[%emt 0:00:14] What a bad dream for Black.  Weighted Error Value: White=0.13 (very precise) /Black=0.14 (very precise)} 1-0